Description

This is a build used by Gumiho against Stats in WardiTV's series on Dec 4.

Build Order

Get SALT Encoding   

  16  0:40  Barracks  
  16  0:44  Refinery  
  19  1:27  Marine  
  20  1:28  Orbital Command  
  20  1:40  Command Center  
  20  1:52  Factory  
  21  2:03  Barracks Reactor  
  24  2:38  Hellion  
  26  2:30  Marine x2  
  28  2:43  Starport  
  29  2:52  Orbital Command  
  30  3:07  Hellion x2, Marine  
  36  3:15  Supply Depot  
  37  3:20  Medivac  
  49  3:48  Barracks Tech Lab  
  49  3:50  Refinery  This is the second gas
Spawning Tool Build Advisor. Get it on Overwolf

Go to:

Details

  • Created by: xuganyu96
  • Published on: Dec 06, 2017
  • Modified on: Dec 06, 2017
  • Patch: 4.0.0
Show
View Real Time Build Order
Export as new Build Order

Comments (0)

There are no comments. Be the first!

Create an account to comment!